 Dungeon Crawl Stone Soup version 0.28-a0-906-g0406aca7d3 (webtiles) character file.

Game seed: 10907111805992299724

354 McGhostyFace the Stinger (level 6, -1/44 HPs)
             Began as a Gnoll Venom Mage on Nov 24, 2021.
             Slain by a phantom (9 damage)
             ... on level 4 of the Dungeon.
             The game lasted 00:07:34 (5717 turns).

McGhostyFace the Stinger (Gnoll Venom Mage)         Turns: 5717, Time: 00:07:34

Health: -1/44      AC:  2    Str:  6 (7)  XL:     6   Next: 63%
Magic:  12/14      EV: 13    Int: 14 (17) God:
Gold:   236        SH:  0    Dex: 10 (12) Spells: 7/15 levels left

rFire   + + .      SeeInvis .   f - +0 quarterstaff
rCold   + + .      Faith    .   (shield currently unavailable)
rNeg    . . .      Spirit   .   a - +0 robe
rPois   +          Reflect  .   (no helmet)
rElec   +          Harm     .   h - scarf {rC+ rF+}
rCorr   +          Rampage  .   (no gloves)
Will    .....                   (no boots)
Stlth   ++........              (no amulet)
HPRegen 0.14/turn               (no ring)
MPRegen 0.14/turn               (no ring)

@: brilliant, resistant, attractive, flying
A: fangs 1, strong nose, distributed training
a: no special abilities


You were on level 4 of the Dungeon.
You visited 1 branch of the dungeon, and saw 4 of its levels.

You collected 236 gold pieces.

Inventory:

Hand Weapons
 f - a +0 quarterstaff (weapon)
Missiles
 c - 40 poisoned darts
Armour
 a - a +0 robe (worn)
 h - a scarf of resistance (worn)
Magical Staves
 b - a staff of fire
Wands
 p - a wand of flame (25)
Scrolls
 g - 2 scrolls of amnesia {unknown}
 k - a scroll of holy word {unknown}
 l - a scroll of blinking {unknown}
 n - a scroll of teleportation {unknown}
 r - a scroll of acquirement {unknown}
 s - a scroll of identify {unknown}
 t - a scroll of vulnerability {unknown}
Potions
 d - a potion of heal wounds {unknown}
 i - a potion of brilliance
 j - a potion of curing


   Skills:
 + Level 2.0 Fighting
 + Level 2.0 Short Blades
 + Level 2.0 Long Blades
 + Level 2.0 Axes
 + Level 2.0 Maces & Flails
 + Level 2.0 Polearms
 + Level 2.0 Staves
 + Level 2.0 Slings
 + Level 2.0 Bows
 + Level 2.0 Crossbows
 + Level 2.0 Throwing
 + Level 2.0 Armour
 + Level 5.0 Dodging
 + Level 4.6 Stealth
 + Level 2.0 Shields
 + Level 2.0 Unarmed Combat
 + Level 5.4 Spellcasting
 + Level 1.6 Conjurations
 + Level 1.6 Hexes
 + Level 1.6 Summonings
 + Level 1.6 Necromancy
 + Level 1.6 Translocations
 + Level 2.7 Transmutations
 + Level 1.6 Fire Magic
 + Level 1.6 Ice Magic
 + Level 1.6 Air Magic
 + Level 1.6 Earth Magic
 + Level 5.7 Poison Magic
 + Level 2.2 Invocations
 + Level 2.0 Evocations


You had 7 spell levels left.
You knew the following spells:

 Your Spells              Type           Power      Damage    Failure   Level
a - Sting                 Tmut/Pois      92%        1d7       3%          1
b - Olgreb's Toxic Radia  Pois           29%        N/A       16%         4
c - Mephitic Cloud        Conj/Pois/Air  18%        N/A       14%         3

Your spell library contained the following spells:

 Spells                   Type           Power      Damage    Failure   Level
 Poisonous Vapours        Pois/Air       42%        N/A       5%          2


Dungeon Overview and Level Annotations

Branches:
Dungeon (4/15)
 Temple: D:4-7

Altars:
Trog

Shops:
D:2 (


Innate Abilities, Weirdness & Mutations

You have very sharp teeth.
Your uncanny sense of smell can sniff out nearby items.
Your experience applies equally to all skills.


Message History

* * * LOW HITPOINT WARNING * * *
You closely miss the phantom.
The phantom is heavily damaged.
The phantom misses you.
You closely miss the phantom.
The phantom is heavily damaged.
The phantom barely misses you.
You hit the phantom but do no damage.
The phantom is heavily damaged.
The phantom barely misses you.
You hit the phantom but do no damage.
The phantom is heavily damaged.
The phantom misses you.
The phantom hits you but does no damage.
You closely miss the phantom.
The phantom is heavily damaged.
The phantom hits you!
* * * LOW HITPOINT WARNING * * *
You closely miss the phantom.
The phantom is heavily damaged.
The phantom barely misses you.
It was a potion of curing.
You feel better. The phantom barely misses you.
It was a potion of brilliance.
You feel clever all of a sudden. The phantom misses you.
It was a potion of degeneration.
There was something very wrong with that liquid.
You feel weakened.
You feel dopey.
You feel clumsy. The phantom completely misses you.
It was a potion of flight.
You feel very buoyant.
You fly up into the air.
The phantom hits you!
* * * LOW HITPOINT WARNING * * *
It was a potion of attraction.
You feel attractive to monsters. The phantom misses you.
It was a potion of resistance.
You feel protected. The phantom hits you!
You die...

.#......#.........#
...####.#.........#
.#................#
.#.#..............#
.#.......>........#
..##....##........#
.###...###........#
.#...§...........##
.####§##########@#
...........# #W#
.#.#######.# #.#
.#.# #.# #.# .#.#
#.#####.# ...#
#.......# .#.#
######### ##.# ...#


You could see a phantom.

Vanquished Creatures
  A black bear (D:4)
  A scorpion (D:4)
  An orc priest (D:3)
  An iguana (D:4)
  A hound skeleton (D:4)
  4 adders
  A worm (D:3)
  9 orcs
  9 ball pythons
  4 bats
  9 endoplasms
  6 giant cockroaches
  3 goblins
  7 hobgoblins
  8 jackals
  3 quokkas (D:1)
  4 frilled lizards
  8 kobolds
  5 rats
85 creatures vanquished.

Notes
Turn   | Place    | Note
-------+----------+-------------------------------------------
     0 | D:1      | McGhostyFace the Gnoll Venom Mage began the quest for the
                  | Orb.
     0 | D:1      | Reached XP level 1. HP: 13/13 MP: 6/6
   335 | D:1      | Reached XP level 2. HP: 19/19 MP: 4/7
  1361 | D:1      | Reached XP level 3. HP: 25/25 MP: 9/9
  1368 | D:1      | Reached skill level 5 in Spellcasting
  2106 | D:2      | Reached skill level 1 in Invocations
  2249 | D:2      | Found a bloodstained altar of Trog.
  2281 | D:2      | Reached skill level 1 in Fighting
  2281 | D:2      | Reached skill level 1 in Short Blades
  2281 | D:2      | Reached skill level 1 in Long Blades
  2281 | D:2      | Reached skill level 1 in Axes
  2281 | D:2      | Reached skill level 1 in Maces & Flails
  2281 | D:2      | Reached skill level 1 in Polearms
  2281 | D:2      | Reached skill level 1 in Staves
  2281 | D:2      | Reached skill level 1 in Slings
  2281 | D:2      | Reached skill level 1 in Bows
  2281 | D:2      | Reached skill level 1 in Crossbows
  2281 | D:2      | Reached skill level 1 in Throwing
  2281 | D:2      | Reached skill level 1 in Armour
  2281 | D:2      | Reached skill level 1 in Shields
  2281 | D:2      | Reached skill level 1 in Unarmed Combat
  2281 | D:2      | Reached skill level 1 in Evocations
  2765 | D:2      | Reached XP level 4. HP: 32/32 MP: 7/11
  2840 | D:2      | Found Tant's Weapon Emporium.
  3338 | D:3      | Learned a level 4 spell: Olgreb's Toxic Radiance
  3342 | D:3      | Learned a level 3 spell: Mephitic Cloud
  3553 | D:3      | Reached skill level 1 in Conjurations
  3553 | D:3      | Reached skill level 1 in Hexes
  3553 | D:3      | Reached skill level 1 in Summonings
  3553 | D:3      | Reached skill level 1 in Necromancy
  3553 | D:3      | Reached skill level 1 in Translocations
  3553 | D:3      | Reached skill level 1 in Fire Magic
  3553 | D:3      | Reached skill level 1 in Ice Magic
  3553 | D:3      | Reached skill level 1 in Air Magic
  3553 | D:3      | Reached skill level 1 in Earth Magic
  3940 | D:3      | Found a faded altar of an unknown god.
  4024 | D:3      | Reached XP level 5. HP: 22/37 MP: 6/12
  5283 | D:4      | Noticed a phantom
  5313 | D:4      | Reached XP level 6. HP: 35/44 MP: 10/14
  5458 | D:4      | Noticed a black bear
  5480 | D:4      | Killed a black bear
  5481 | D:4      | Reached skill level 5 in Dodging
  5717 | D:4      | Slain by a phantom

Illustrated notes

Levels and vault maps discovered:
D:1:      heliophobic_arrival_henge, layout_loops_ring
D:2:      kennysheep_big_flooded_room, layout_basic, serial_forest,
          infiniplex_forest_clump_large, infiniplex_forest_lined_1,
          infiniplex_forest_lined_2, infiniplex_forest_lined_2, serial_shops,
          nicolae_shop_bloodbath_and_beyond, basic_altar, minmay_tromino_v4_b
D:3:      layout_rooms, hellmonk_ecumenical_altar_prayer_group
D:4:      layout_basic, nicolae_concentric_dashed_squares_wild,
          uniq_crazy_yiuf_cottage

Skill      XL: |  1  2  3  4  5  6 |
---------------+-------------------+-----
Transmutations | 2 |  2.7
Spellcasting   | 5 |  5.4
Invocations    | 1 2 |  2.2
Fighting       | 1 2 |  2.0
Short Blades   | 1 2 |  2.0
Long Blades    | 1 2 |  2.0
Axes           | 1 2 |  2.0
Maces & Flails | 1 2 |  2.0
Polearms       | 1 2 |  2.0
Staves         | 1 2 |  2.0
Slings         | 1 2 |  2.0
Bows           | 1 2 |  2.0
Crossbows      | 1 2 |  2.0
Throwing       | 1 2 |  2.0
Armour         | 1 2 |  2.0
Shields        | 1 2 |  2.0
Unarmed Combat | 1 2 |  2.0
Evocations     | 1 2 |  2.0
Conjurations   | 1 |  1.6
Hexes          | 1 |  1.6
Summonings     | 1 |  1.6
Necromancy     | 1 |  1.6
Translocations | 1 |  1.6
Fire Magic     | 1 |  1.6
Ice Magic      | 1 |  1.6
Air Magic      | 1 |  1.6
Earth Magic    | 1 |  1.6
Dodging        | 5 |  5.0
Stealth        | |  4.6
Poison Magic   | |  5.7

Action                   |  1- 3 |  4- 6 || total
-------------------------+-------+-------++-------
Melee: Unarmed           |     9 |       ||     9
       Quarterstaff      |    27 |    37 ||    64
       Bite              |     4 |     4 ||     8
Throw: Dart              |    16 |       ||    16
 Cast: Sting             |    62 |    96 ||   158
       Olgreb's Toxic Ra |       |     1 ||     1
  Use: Potion            |       |     6 ||     6
 Stab: Sleeping          |       |     2 ||     2
Armor: Robe              |    15 |    15 ||    30
Dodge: Dodged            |    57 |    76 ||   133

Table legend: (Time is in decaauts)
 A = Elapsed time spent in this place.
 B = Non-inter-level travel time spent in this place.
 C = Inter-level travel time spent in this place.
 D = Time resting spent in this place.
 E = Time spent auto-exploring this place.
 F = Levels seen in this place.
 G = Mean time per level.
                   A        B        C        D        E       F      G
               +--------+--------+--------+--------+--------+-----+--------+
         Total |   5729 |   5645 |     84 |   2943 |   2029 |   4 | 1432.2 |
       Dungeon |   5729 |   5645 |     84 |   2943 |   2029 |   4 | 1432.2 |
               +--------+--------+--------+--------+--------+-----+--------+

Top non-repeatable levels by time:
     D:1: 2042 daAuts
     D:3: 1498 daAuts
     D:2: 1280 daAuts
     D:4: 908 daAuts
